Map: Cyber Forest LE

Players

Special - Winner!

  • Race: Terran Terran
  • League: Master
  • Spawn Location: 5:00

MaSa

  • Race: Terran Terran
  • Spawn Location: 11:00

Event: 2019 WCS Spring

VOD

Have the link to the VOD?

Description

Time

  • Played on: May 18, 2019, 12:36 p.m.
  • Length: 11:24

All games in this series

Show
View Real Time Build Order
Export as new Build Order

Special Terran - Winner!

Build Orders: Reaper Expand 

Get SALT Encoding   

  12  0:00  SCV  
  13  0:12  SCV  
  14  0:17  Supply Depot  
  14  0:25  SCV  
  15  0:38  SCV  
  15  0:40  Barracks  
  16  0:44  Refinery  
  16  0:50  SCV  
  17  1:02  SCV  
  18  1:15  SCV  
  19  1:28  Reaper, Orbital Command  
  20  1:42  Command Center  
  20  1:52  Supply Depot  
  20  1:54  SCV  
  21  2:00  Marine  
  22  2:06  SCV  
  23  2:10  Factory  
  23  2:17  Refinery  
  23  2:18  SCV  
  23  2:21  Barracks Reactor  
  24  2:30  Barracks  
  24  2:32  SCV  
  25  2:44  SCV  
  26  2:54  Orbital Command  
  26  2:56  SCV, Starport  
  27  2:58  Marine  
  27  3:00  Marine  
  27  3:04  Factory Tech Lab  
  29  3:08  SCV  
  30  3:16  Marine  
  30  3:17  Marine  
  30  3:18  Barracks Tech Lab  
  32  3:20  SCV  
  32  3:21  SCV  
  34  3:32  Bunker  
  34  3:34  SCV x2, Marine  
  36  3:35  Marine  
  36  3:37  Stimpack  
  36  3:38  Marine  
  39  3:43  Supply Depot  
  39  3:46  SCV  
  39  3:48  SCV  
  40  3:55  Raven  
  40  3:58  SCV  
  40  4:00  SCV  
  44  4:02  Supply Depot  
  44  4:03  Marine x2  
  44  4:04  Marine  
  47  4:10  SCV  
  47  4:12  SCV, Refinery  
  49  4:17  Engineering Bay  
  49  4:19  Factory Reactor  
  49  4:22  SCV  
  49  4:23  Marine x3  
  54  4:24  SCV  
  54  4:34  SCV  
  54  4:36  SCV  
  54  4:38  Supply Depot  
  56  4:41  Marine x3  
  59  4:46  SCV  
  59  4:48  SCV, Missile Turret  
  59  4:50  Terran Infantry Weapons Level 1  
  57  4:59  SCV, Marine x3  
  58  5:00  SCV  
  59  5:11  SCV, Medivac x2  
  59  5:12  SCV  
  65  5:16  Marine  
  65  5:18  Supply Depot  
  65  5:20  Siege Tank  
  70  5:27  SCV, Supply Depot  
  70  5:32  SCV  
  70  5:40  SCV, Marine x3  
  70  5:41  Combat Shield  
  74  5:44  SCV  
  74  5:47  Refinery  
  74  5:49  Viking  
  77  5:50  Viking  
  77  5:52  SCV  
  77  5:56  SCV, Supply Depot  
  81  5:58  Marine x3  
  84  6:04  SCV  
  85  6:15  Marine  
  85  6:18  Siege Tank  
  89  6:19  Viking  
  89  6:21  Viking  
  93  6:26  Supply Depot  
  93  6:28  Supply Depot  
  93  6:31  SCV  
  94  6:33  Command Center  
  94  6:35  SCV  
  94  6:38  Barracks  
  95  6:42  Marine x2  
  95  6:43  Marine  
  98  6:47  Terran Infantry Armor Level 1  
  98  6:50  Siege Tank  
  98  6:51  Viking  
  103  6:56  SCV x2  
  103  6:59  Viking  
  107  7:02  Marine  
  107  7:03  Marine  
  107  7:06  Marine  
  110  7:09  SCV x2  
  112  7:18  Supply Depot  
  112  7:21  SCV x2  
  114  7:22  Viking  
  114  7:26  Barracks Reactor  
  114  7:29  Viking  
  118  7:36  SCV  
  118  7:39  Siege Tank  
  118  7:41  SCV  
  118  7:42  Marine x2  
  118  7:43  Marine  
  125  7:48  SCV  
  127  7:52  Orbital Command  
  127  7:53  SCV  
  127  7:56  Viking  
  129  7:59  Viking  
  129  8:00  SCV  
  132  8:05  SCV  
  132  8:07  Marine x2  
  132  8:08  Marine  
  132  8:09  Marine  
  132  8:12  SCV, Siege Tank  
  140  8:21  Marine  
  141  8:29  Supply Depot  
  141  8:30  Barracks, Supply Depot  
  141  8:31  Barracks  
  141  8:40  Marine  
  141  8:44  SCV, Marine  
  141  8:45  SCV  
  141  8:46  Marine  
  141  8:49  Marine x2  
  141  8:50  Viking x2  
  141  8:51  SCV  
  141  8:55  Armory  
  140  8:56  SCV  
  140  8:58  Engineering Bay, Marine  
  140  8:59  Siege Tank  
  140  9:01  Marine  
  144  9:04  Marine  
  144  9:06  SCV x2, Marine  
  144  9:07  Marine  
  143  9:16  Marine  
  137  9:19  Marine  
  137  9:20  Viking x2  
  137  9:22  Marine  
  137  9:23  SCV x2  
  135  9:24  Marine  
  135  9:25  Marine  
  137  9:34  Marine  
  137  9:36  Barracks Reactor  
  137  9:37  Refinery x2, Marine, Barracks Reactor  
  136  9:39  Marine  
  136  9:40  SCV x2  
  136  9:42  Marine  
  140  9:47  Marine  
  140  9:50  Medivac x2  
  140  9:52  Marine  
  136  9:55  Siege Tank  
  136  9:58  Sensor Tower, Marine x2  
  140  10:00  Marine  
  140  10:05  SCV x3, Marine  
  144  10:10  Marine  
  145  10:16  Marine x2  
  145  10:17  Marine x2  
  145  10:18  Marine x3  
  145  10:20  Medivac x2  
  153  10:22  Marine  
  153  10:27  Siege Tank  
  153  10:28  Marine  
  149  10:34  Marine x2  
  149  10:35  Marine x4  
  151  10:36  Marine  
  151  10:40  Marine  
  155  10:43  Factory  
  155  10:46  Marine  
  156  10:51  Marine  
  157  11:06  Supply Depot x2  
  157  11:13  Supply Depot  
Show
View Real Time Build Order
Export as new Build Order

MaSa Terran 

Build Orders:  

Get SALT Encoding   

  12  0:00  SCV  
  13  0:12  SCV  
  14  0:16  Supply Depot  
  14  0:24  SCV  
  15  0:38  SCV, Barracks  
  16  0:43  Refinery  
  16  0:50  SCV  
  17  1:02  SCV  
  18  1:14  SCV  
  19  1:25  Marine  
  19  1:26  Orbital Command  
  20  1:39  Command Center  
  20  1:43  Marine  
  21  1:54  Factory  
  21  1:57  SCV  
  22  2:05  Supply Depot  
  22  2:06  Marine  
  23  2:15  Refinery  
  23  2:25  Barracks Tech Lab  
  23  2:26  SCV  
  24  2:34  Bunker  
  24  2:38  SCV  
  25  2:44  Starport  
  25  2:45  Widow Mine  
  25  2:50  SCV  
  28  2:52  Barracks Reactor  
  28  2:57  Orbital Command  
  28  3:03  SCV  
  29  3:08  Factory Tech Lab, Refinery  
  29  3:15  SCV  
  30  3:21  Banshee  
  30  3:23  SCV  
  34  3:28  Marine x2  
  34  3:33  Siege Tank  
  39  3:36  SCV  
  39  3:40  SCV  
  41  3:42  Supply Depot  
  41  3:47  Marine  
  41  3:48  SCV  
  43  3:49  Marine  
  43  3:52  SCV  
  45  4:00  SCV  
  46  4:04  Raven  
  46  4:05  SCV  
  46  4:06  Marine  
  46  4:08  Supply Depot  
  50  4:12  SCV  
  50  4:15  Siege Tank  
  54  4:18  Refinery  
  54  4:29  Supply Depot  
  54  4:30  SCV x2, Marine x2  
  58  4:42  SCV x2  
  60  4:46  Raven  
  62  4:54  SCV  
  62  4:57  SCV  
  64  5:00  Siege Tank  
  64  5:06  SCV, Command Center  
  65  5:11  SCV, Barracks  
  66  5:18  SCV  
  66  5:20  Barracks, Supply Depot  
  67  5:23  SCV  
  68  5:31  SCV  
  68  5:35  SCV  
  70  5:39  Stimpack  
  70  5:41  Marine  
  70  5:42  Siege Tank, Supply Depot  
  74  5:43  SCV, Supply Depot  
  74  5:47  SCV  
  74  5:49  Viking  
  78  5:55  SCV  
  78  6:01  Barracks Reactor  
  78  6:04  Viking  
  80  6:05  Engineering Bay  
  80  6:06  Supply Depot  
  80  6:07  Barracks Reactor  
  80  6:09  SCV, Engineering Bay  
  80  6:10  SCV  
  82  6:16  Siege Tank  
  82  6:17  Marine  
  86  6:21  Viking, SCV  
  86  6:23  SCV  
  90  6:32  Orbital Command  
  90  6:33  SCV  
  90  6:34  Viking  
  90  6:35  Marine  
  90  6:36  Terran Infantry Armor Level 1  
  90  6:38  Terran Infantry Weapons Level 1  
  94  6:40  Marine x2  
  94  6:42  SCV  
  94  6:44  Marine x2  
  99  6:47  SCV  
  99  6:50  Viking  
  99  6:53  Marine  
  102  6:54  SCV  
  102  6:58  Marine  
  104  7:04  Barracks  
  104  7:07  Marine, Barracks  
  105  7:08  Marine x2  
  105  7:09  SCV  
  105  7:11  SCV  
  105  7:12  SCV  
  110  7:18  Sensor Tower  
  110  7:22  Supply Depot  
  110  7:24  Supply Depot  
  110  7:25  Viking  
  110  7:29  Viking  
  114  7:30  Marine x2  
  114  7:32  SCV  
  117  7:39  Supply Depot  
  117  7:40  Combat Shield  
  117  7:43  SCV x2, Marine x3  
  117  7:44  Siege Tank  
  125  7:49  SCV  
  126  7:51  Supply Depot  
  126  7:56  Armory, Orbital Command  
  126  8:00  Marine x2  
  126  8:02  Medivac x2, Barracks Reactor  
  126  8:03  Barracks Reactor  
  130  8:07  Marine x3  
  130  8:09  SCV  
  134  8:17  Marine  
  134  8:18  Marine  
  136  8:20  SCV  
  136  8:25  Marine x3  
  140  8:31  SCV x2  
  140  8:32  Viking x2  
  140  8:34  SCV  
  147  8:35  Orbital Command, Marine x2  
  147  8:38  Marine x2  
  147  8:43  Marine x2  
  147  8:45  SCV  
  147  8:48  SCV  
  146  8:50  Marine x3  
  146  8:53  Marine x2  
  135  8:56  Marine x2  
  135  8:58  SCV  
  135  9:00  SCV  
  134  9:04  Marine x2  
  134  9:07  Marine  
  134  9:08  Marine x2  
  133  9:14  SCV, Marine x3  
  133  9:15  Siege Tank, Marine  
  133  9:16  SCV  
  124  9:21  Marine  
  124  9:22  Marine  
  121  9:30  Marine  
  120  9:32  SCV, Marine  
  120  9:33  Marine x2  
  120  9:36  SCV x2  
  124  9:43  Medivac x2  
  125  9:51  Marine  
  125  9:52  Marine x2  
  114  9:55  Marine x4  
  114  9:56  Siege Tank  
  115  10:00  Marine  
  115  10:02  Marine  
  116  10:09  Marine x2  
  116  10:10  Command Center  
  116  10:12  Marine  
  116  10:13  Marine  
  117  10:17  Viking  
  117  10:18  Liberator  
  117  10:22  Marine x3  
  111  10:30  Marine x4  
  111  10:31  SCV  
  118  10:39  Marine x2  
  118  10:40  Marine  
  118  10:42  SCV x2  
  119  10:47  Marine  
  119  10:48  Marine x4  
  115  10:57  Marine x2  
  115  10:58  Marine  
  115  11:00  SCV x2  
  117  11:05  Marine  
  117  11:07  Factory  
Tags
 
Add a new tag
Caveats
  • Supply blocks, unpowered buildings, or Contaminate may cause inaccurate times.
  • Supply counts are checked every 10 seconds.